 Dungeon Crawl Stone Soup version 0.23.0-3-gf3c87f2 (webtiles) character file.

Game seed: 13899604685058753241

245 Gadfly the Conjurer (level 6, -5/34 HPs)
             Began as a Tengu Venom Mage on Feb 22, 2019.
             Killed by nerve-wracking pain
             ... invoked by an orc priest
              (13 damage)
             ... on level 4 of the Dungeon.
             The game lasted 00:11:16 (3347 turns).

Gadfly the Conjurer (Tengu Venom Mage)              Turns: 3347, Time: 00:11:16

Health: -5/34      AC:  2    Str: 11    XL:     6   Next: 10%
Magic:  1/12       EV: 13    Int: 17    God:
Gold:   157        SH:  0    Dex: 14    Spells: 1/11 levels left

rFire    . . .     SeeInvis .   e - +1 dagger
rCold    . . .     Gourm    .   (no shield)
rNeg     . . .     Faith    .   a - +0 robe
rPois    .         Spirit   .   (helmet restricted)
rElec    .         Reflect  .   (no cloak)
rCorr    .         Harm     .   (no gloves)
MR       +....                  (boots unavailable)
Stlth    +.........             (no amulet)
HPRegen  0.00/turn              k - ring of protection from magic
MPRegen  0.13/turn              f - ring of attention (curse)

@: very slightly contaminated
A: beak, talons 3, inhibited regeneration, strong 1, wild magic 1, able to fly
a: Fly


You were on level 4 of the Dungeon.
You were not hungry.

You visited 1 branch of the dungeon, and saw 4 of its levels.

You collected 157 gold pieces.

Inventory:

Hand Weapons
 e - a +1 dagger (weapon)
Armour
 a - a +0 robe (worn)
Jewellery
 f - a cursed ring of attention (right hand)
 k - a ring of protection from magic (left hand)
 l - an uncursed ring of ice
Wands
 n - a wand of acid (4)
Scrolls
 b - a scroll of identify
 m - a scroll of remove curse
Potions
 d - a potion of degeneration {unknown}
 g - 2 potions of haste {unknown}
 h - a potion of ambrosia {unknown}
 i - a potion of brilliance
 j - a potion of agility
 p - a potion of curing
Comestibles
 c - 5 rations


   Skills:
 + Level 1.6 Fighting
 + Level 2.9 Dodging
 - Level 2.0 Stealth
 * Level 3.4 Spellcasting
 * Level 4.0 Conjurations
 * Level 2.5 Air Magic
 + Level 3.5 Poison Magic


You had one spell level left.
You knew the following spells:

 Your Spells              Type           Power        Failure   Level  Hunger
a - Sting                 Conj/Pois      ###.         6%          1    None
b - Poisonous Vapours     Pois/Air       ###...       11%         2    ##.....
c - Mephitic Cloud        Conj/Pois/Air  ###.....     19%         3    ###....
d - Olgreb's Toxic Radia  Pois           ###.....     45%         4    ####...

Your spell library contained the following spells:

 Spells                   Type           Power        Failure   Level  Hunger
 Venom Bolt               Conj/Pois      ###.......   77%         5    ######.


Dungeon Overview and Level Annotations

Branches:
Dungeon (4/15)
 Temple: D:4-7

Altars:
Fedhas
Gozag
Nemelex Xobeh
Trog
Uskayaw


Innate Abilities, Weirdness & Mutations

You have a beak for a mouth.
You have claws for feet.
You can fly continuously.
You do not regenerate when monsters are visible.
Your muscles are strong. (Str +2)
Your spells are a little harder to cast, but a little more powerful.


Message History

Poisonous vapours surround the iguana!
The iguana is engulfed in poison gas.
The iguana is poisoned.
The iguana completely misses you.
An orc priest comes into view. It is wielding a +0 club.
The orc priest shouts!
You hear a shout! x2
The orc priest moves out of view.
You kill the iguana!
Your Conjurations skill increases to level 4!
You have reached level 6!
Your experience leads to an increase in your attributes!
Your base attributes are Str 9, Int 16, Dex 14.
Increase (S)trength, (I)ntelligence, or (D)exterity?
You feel clever.
Casting: Poisonous Vapours (safe; 11% risk of failure)
Confirm with . or Enter, or press ? or * to list all spells.
You don't have enough magic to cast that spell.
You see here an iguana corpse.
You butcher the iguana corpse.
The orc priest mumbles some strange prayers to Beogh against you.
Pain shoots through your body!
You die...

############
#.@)).†...<#
#.#########...#
#.# ...# #.#
.a.# #o. ...#
#.. ..l# #...
.(g# #?.. ..g#
.....


You could see an orc priest.

Vanquished Creatures
  2 orc wizards (D:3)
  A worker ant (D:4)
  An iguana (D:4)
  6 adders
  2 gnolls (D:4)
  An ooze (D:3)
  2 worms (D:3)
  2 dart slugs
  2 leopard geckos
  5 orcs (D:3)
  6 bats
  A giant cockroach (D:1)
  3 goblins
  7 hobgoblins
  10 kobolds
  2 quokkas
  A frilled lizard (D:3)
  8 rats
62 creatures vanquished.

Notes
Turn   | Place    | Note
-------+----------+-------------------------------------------
     0 | D:1      | Gadfly the Tengu Venom Mage began the quest for the Orb.
     0 | D:1      | Reached XP level 1. HP: 10/10 MP: 4/4
   464 | D:1      | Reached XP level 2. HP: 15/15 MP: 6/6
   468 | D:1      | Learned a level 2 spell: Poisonous Vapours
   505 | D:1      | Reached skill level 2 in Conjurations
  1000 | D:2      | Reached XP level 3. HP: 20/20 MP: 5/7
  1038 | D:2      | Learned a level 3 spell: Mephitic Cloud
  1279 | D:2      | Reached XP level 4. HP: 21/24 MP: 9/9
  1525 | D:2      | Found a bloodstained altar of Trog.
  1573 | D:2      | Gained mutation: Your muscles are strong. (Str +2) [potion
                  | of mutation]
  1573 | D:2      | Gained mutation: You do not regenerate when monsters are
                  | visible. [potion of mutation]
  1573 | D:2      | Gained mutation: Your spells are a little harder to cast,
                  | but a little more powerful. [potion of mutation]
  1802 | D:2      | Found a blossoming altar of Fedhas.
  1867 | D:3      | Reached skill level 1 in Air Magic
  1894 | D:3      | Reached skill level 3 in Conjurations
  2124 | D:3      | Reached skill level 1 in Fighting
  2126 | D:3      | Found a sparkling altar of Nemelex Xobeh.
  2572 | D:3      | Gained mutation: You can fly continuously. [Tengu growth]
  2572 | D:3      | Reached XP level 5. HP: 21/29 MP: 5/10
  2796 | D:3      | Learned a level 4 spell: Olgreb's Toxic Radiance
  3058 | D:3      | Found an opulent altar of Gozag.
  3058 | D:3      | Found a hide-covered altar of Uskayaw.
  3345 | D:4      | Reached skill level 4 in Conjurations
  3345 | D:4      | Reached XP level 6. HP: 8/34 MP: 0/12
  3347 | D:4      | Killed from afar by an orc priest

Skill      XL: |  1  2  3  4  5 |
---------------+----------------+-----
Conjurations   | 2 3 4 |  4.0
Air Magic      | 1 2 |  2.5
Fighting       | 1 |  1.6
Spellcasting   | 3 |  3.4
Dodging        | |  2.9
Stealth        | |  2.0
Poison Magic   | |  3.5

Action                   |  1- 3 |  4- 6 || total
-------------------------+-------+-------++-------
Melee: Dagger            |    55 |    87 ||   142
       Unarmed           |     5 |       ||     5
       Kick              |    13 |    20 ||    33
       Peck              |     5 |    12 ||    17
 Cast: Sting             |    20 |     8 ||    28
       Poisonous Vapours |     4 |     5 ||     9
       Mephitic Cloud    |     1 |     6 ||     7
  Use: Scroll            |       |     9 ||     9
       Potion            |       |     3 ||     3
 Stab: Sleeping          |     5 |       ||     5
       Confused          |       |     1 ||     1
  Eat: Chunk             |     2 |     7 ||     9
Armor: Robe              |    18 |     7 ||    25
Dodge: Dodged            |    53 |    64 ||   117
